 Dungeon Crawl Stone Soup version 0.18.1-1-g2f07953 (webtiles) character file.

2319 imoen the Martial Artist (level 9, 0/51 HPs)
             Began as a Vine Stalker Monk on May 6, 2016.
             Was an Elder of Ru.
             Succumbed to a killer bee's poison
             ... on level 8 of the Dungeon.
             The game lasted 00:36:07 (2358 turns).

imoen the Martial Artist (Vine Stalker Monk)        Turns: 2358, Time: 00:36:07

Health: 0/51       AC: 14    Str: 21      XL:     9   Next: 41%
Magic:  7/10       EV:  8    Int: 10      God:    Ru [****..]
Gold:   132        SH:  0    Dex: 15 (17) Spells: 0 memorised, 8 levels left

rFire  . . .     SeeInvis .       - Unarmed
rCold  . . .     Gourm    .     u - +0 chain mail
rNeg   . . .     Faith    +     (no shield)
rPois  .         Spirit   +     d - +2 helmet
rElec  .         Dismiss  .     (no cloak)
rCorr  .         Reflect  .     (no gloves)
SustAt .         Harm     .     (no boots)
MR     +....                    w - amulet of faith
Stlth  ..........               r - +4 ring of strength
                                l - +3 ring of protection

@: confused, lethally poisoned (0 -> -11), exhausted, drained, somewhat
resistant to hostile enchantments, extremely unstealthy
A: fangs 3, regeneration 2, magic shield, antimagic bite, no device heal 3, rot
immunity, inability to read while threatened, inability to use devices
a: Draw Out Power, Power Leap, Renounce Religion


You were on level 8 of the Dungeon.
You worshipped Ru.
Ru was greatly pleased with you.
You were very hungry.

You visited 1 branch of the dungeon, and saw 8 of its levels.

You collected 132 gold pieces.

Inventory:

Hand Weapons
 k - a +1 broad axe of flaming
   (You found it on level 4 of the Dungeon)
 x - the +1 hand axe of Trauma {chop, rPois rN+ SInv}
   (You found it on level 5 of the Dungeon)

   It inflicts extra damage upon your enemies.
   It protects you from poison.
   It protects you from negative energy.
   It lets you see invisible.
Armour
 d - a +2 helmet (worn)
   (You found it on level 1 of the Dungeon)
 e - a troll hide
   (You found it on level 7 of the Dungeon)
 u - a +0 chain mail (worn)
   (You took it off an orc on level 4 of the Dungeon)
 v - a +0 buckler
   (You took it off a gnoll sergeant on level 5 of the Dungeon)
Jewellery
 l - a +3 ring of protection (left hand)
   (You found it on level 3 of the Dungeon)
 r - a +4 ring of strength (right hand)
   (You found it on level 4 of the Dungeon)
 w - an amulet of faith (around neck)
   (You found it on level 5 of the Dungeon)
Wands
 c - a wand of teleportation (1/9)
   (You took it off Edmund on level 3 of the Dungeon)
 C - a wand of hasting (3/9)
   (You found it on level 6 of the Dungeon)
Scrolls
 g - a scroll of magic mapping
 n - 4 scrolls of remove curse
 s - 2 scrolls of identify
 t - a scroll of immolation {unknown}
 y - 2 scrolls of teleportation {unknown}
 E - a scroll of fear {unknown}
 F - a scroll of blinking {unknown}
 G - a scroll of random uselessness {unknown}
Potions
 i - a potion of ambrosia
 m - a potion of magic
 o - a potion of heal wounds
 p - a potion of cure mutation
 q - 2 potions of might {unknown}
 A - a potion of degeneration {unknown}
 B - a potion of agility {unknown}
Books
 a - a book of Dreams
   (You found it on level 8 of the Dungeon)
Comestibles
 b - a bread ration
 f - a slice of pizza
 h - 3 meat rations
 z - 2 fruits
 D - a beef jerky


   Skills:
 + Level 8.0 Fighting
 - Level 2.4(2.3) Dodging
 - Level 2.4(2.3) Stealth
 - Level 10.0(9.9) Unarmed Combat


You had 8 spell levels left.
You didn't know any spells.

Dungeon Overview and Level Annotations

Branches:
Dungeon (8/15)               Lair (0/8) D:8
 Temple: D:4-7

Altars:
Fedhas
Okawaru
Ru
Sif Muna
Xom
Yredelemnul


Innate Abilities, Weirdness & Mutations

You have razor-sharp teeth.
You heal very quickly.
When hurt, damage is shared between your health and your magic reserves.
Your bite disrupts and absorbs the magic of your enemies.
Potions and wands cannot restore your health.
You are immune to rotting.
You cannot read scrolls while threatened.
You cannot study or use magical devices.


Message History

MP restored: 10 You closely miss the killer bee.
You feel sick.
The killer bee stings you but does no damage.
The quasit bites you but does no damage.
The quasit claws you but does no damage. x2
The hippogriff bites you.
* * * LOW HITPOINT WARNING * * *
The hippogriff closely misses you. x2; The killer bee barely misses you.
You take 4 damage, and have 13/51 hp.
You now have 8/10 mp.
Unknown command.
You are feeling very hungry.
You strike the helpless killer bee from behind!
You hit the killer bee.
You bite the killer bee, but do no damage.
The killer bee closely misses you. The quasit barely misses you.
The quasit claws you but does no damage. x2
The centaur is stunned by your will and fails to attack.
Unknown command.
You miss the killer bee. Your bite misses the killer bee.
You feel sick. The killer bee stings you.
* * * LOW HITPOINT WARNING * * *
The quasit bites you but does no damage.
The quasit claws you but does no damage. x2
The hippogriff barely misses you.
The hippogriff pecks you but does no damage.
The hippogriff claws you.
* * * LOW HITPOINT WARNING * * *
The killer bee stings you.
You feel threatened and lose the ability to read scrolls!
* * * LOW HITPOINT WARNING * * *
You are more poisoned.
The killer bee poisons you!
You take 6 damage, and have 8/51 hp.
You now have 4/10 mp.
Unknown command.
Read which item? (? for menu, Esc to quit)
Okay, then.
You don't have enough magic at the moment.
Drink which item? (? for menu, Esc to quit)
Magic courses through your body.
You feel sick.
The killer bee stings you but does no damage.
The quasit bites you but does no damage.
The quasit closely misses you.
The quasit claws you but does no damage.
The hippogriff bites you but does no damage.
The hippogriff pecks you.
* * * LOW HITPOINT WARNING * * *
The hippogriff claws you but does no damage.
The killer bee is stunned by your will and fails to attack.
The quasit bites you but does no damage.
The quasit claws you but does no damage.
The quasit barely misses you.
You take 1 damage, and have 7/51 hp.
You regained 5 mp, and now have 9/10 mp.
Unknown command.
You feel sick.
You hear a shout! x2
You take 1 damage, and have 6/51 hp.
You now have 4/10 mp.
Unknown command.
You catch the helpless killer bee completely off-guard!
You hit the killer bee.
You feel sick.
The killer bee is no longer blind.
Unknown command.
You feel sick.
The centaur shoots an arrow.
The arrow closely misses you.
You take 1 damage, and have 5/51 hp.
Unknown command.
You miss the killer bee. Your bite misses the killer bee.
You can read scrolls again.
The killer bee is no longer blind.
The killer bee stings you but does no damage. x2
Unknown command.
Drink which item? (? for menu, Esc to quit)
Okay, then.
Drink which item? (? for menu, Esc to quit)
You are confused.
You feel invigorated.
You feel sick.
The killer bee stings you but does no damage. x2
MP restored: 10 You hit the killer bee.
Your punch misses the killer bee. Your bite misses the killer bee.
The killer bee barely misses you. The killer bee stings you.
* * * LOW HITPOINT WARNING * * *
You are lethally poisoned!
The killer bee poisons you!
You take 2 damage, and have 4/51 hp.
You now have 8/10 mp.
You miss the killer bee. Your bite misses the killer bee.
* * * LOW HITPOINT WARNING * * *
You feel sick.
The killer bee stings you but does no damage.
You take 2 damage, and have 2/51 hp.
MP restored: 10 Unknown command.
* * * LOW HITPOINT WARNING * * *
You feel sick. The killer bee stings you!
You feel threatened and lose the ability to read scrolls!
* * * LOW HITPOINT WARNING * * *
You are more poisoned.
The killer bee poisons you!
You take 1 damage, and have 1/51 hp.
You now have 4/10 mp.
Unknown command.
You can read scrolls again.
You die...

#######.##.#.#.<.###.(###.####..
........##..###...(....((........
##########.#.#...#.#..#..###..#.#
#.##.#..#y#..#..# )#
#.....c..5........ ..
####.#H####.##..### ##
####.#y####.##....
#.........>.##....
#....(.@.#####.### #..#.##..#
#..#..#..# #..##.#..# #..##†#..#
#........# #####.#### #.#
####.###


You could see a hippogriff, a centaur and a killer bee.

Vanquished Creatures
  The ghost of MTVSty1e the Fighter, a novice MiFi of Okawaru (D:8)
  A troll (D:7)
  Edmund (D:3)
  A necrophage (D:8)
  An orc warrior (D:6)
  2 centaurs
  2 ogres
  A big kobold (D:8)
  A gnoll sergeant (D:5)
  A scorpion (D:3)
  4 killer bees (D:8)
  3 crimson imps
  A jelly (D:7)
  3 centaur skeletons
  An orc wizard (D:4)
  A hound (D:8)
  2 giant frog skeletons
  6 worker ants
  2 hound skeletons (D:4)
  2 adders (D:4)
  3 gnolls (D:5)
  A shadow imp (D:6)
  An ooze (D:4)
  An adder skeleton (D:6)
  An adder zombie (D:5)
  A dart slug (D:1)
  A giant gecko (D:2)
  10 orcs
  A giant cockroach (D:4)
  6 goblins (D:4)
  4 hobgoblins
  4 jackals (D:5)
  7 kobolds
  3 quokkas
  2 bats (D:1)
  6 giant newts
  A quokka skeleton (D:8)
90 creatures vanquished.

Notes
Turn   | Place    | Note
--------------------------------------------------------------
     0 | D:1      | imoen the Vine Stalker Monk began the quest for the Orb.
     0 | D:1      | Reached XP level 1. HP: 11/11 MP: 2/2
    69 | D:1      | Reached XP level 2. HP: 14/16 MP: 3/3
   254 | D:3      | Found a sacrificial altar of Ru.
   329 | D:3      | Became a worshipper of Ru the Awakened
   359 | D:4      | Gained mutation: You cannot read scrolls while threatened. [Ru sacrifice]
   359 | D:4      | Reached * piety under Ru
   377 | D:4      | Reached skill level 5 in Unarmed Combat
   377 | D:4      | Reached XP level 3. HP: 12/19 MP: 2/4
   384 | D:4      | Reached XP level 4. HP: 12/23 MP: 5/5
   416 | D:4      | Found a basalt altar of Yredelemnul.
   456 | D:4      | Found a blossoming altar of Fedhas.
   493 | D:4      | Reached skill level 6 in Unarmed Combat
   513 | D:4      | Found a shimmering altar of Xom.
   581 | D:4      | Noticed Edmund
   648 | D:3      | Killed Edmund
   648 | D:3      | Reached skill level 7 in Unarmed Combat
   648 | D:3      | Reached XP level 5. HP: 22/27 MP: 6/6
   683 | D:4      | Gained mutation: You heal very quickly. [Vine Stalker growth]
   683 | D:4      | Reached XP level 6. HP: 24/32 MP: 7/7
   921 | D:4      | Found a deep blue altar of Sif Muna.
   946 | D:5      | Entered Level 5 of the Dungeon
   979 | D:5      | Reached skill level 8 in Unarmed Combat
  1084 | D:5      | Reached XP level 7. HP: 34/35 MP: 8/8
  1113 | D:5      | Got a warped hand axe
  1114 | D:5      | Identified the cursed +1 hand axe of Trauma {chop, rPois rN+ SInv} (You found it on level 5 of the Dungeon)
  1253 | D:6      | Noticed a two-headed ogre
  1392 | D:5      | Reached skill level 9 in Unarmed Combat
  1560 | D:6      | Gained mutation: You have razor-sharp teeth. [Vine Stalker growth]
  1560 | D:6      | Reached XP level 8. HP: 32/39 MP: 6/9
  1664 | D:7      | Gained mutation: You cannot study or use magical devices. [Ru sacrifice]
  1664 | D:7      | Reached ** piety under Ru
  1664 | D:7      | Reached *** piety under Ru
  1664 | D:7      | Reached **** piety under Ru
  1693 | D:7      | Reached skill level 10 in Unarmed Combat
  1751 | D:7      | Reached skill level 3 in Fighting
  1873 | D:7      | Noticed a troll
  1885 | D:7      | HP: 10/40 [troll (6)]
  1886 | D:7      | Killed a troll
  1886 | D:7      | Reached skill level 4 in Fighting
  1933 | D:7      | Noticed an orc knight
  2001 | D:7      | HP: 4/42 [orc knight/bolt (23)]
  2099 | D:8      | Found an iron altar of Okawaru.
  2136 | D:8      | Reached skill level 5 in Fighting
  2217 | D:8      | Found a staircase to the Lair.
  2250 | D:8      | Noticed MTVSty1e's ghost (novice MiFi)
  2277 | D:8      | Reached skill level 6 in Fighting
  2298 | D:8      | Killed MTVSty1e's ghost
  2298 | D:8      | Reached skill level 7 in Fighting
  2298 | D:8      | Reached XP level 9. HP: 18/51 MP: 0/10
  2325 | D:8      | HP: 9/51 [killer bee (6)]
  2335 | D:8      | Reached skill level 8 in Fighting
  2348 | D:8      | HP: 12/51 [killer bee (1)]
  2352 | D:8      | HP: 5/51 [poisoned by a killer bee]
  2356 | D:8      | HP: 2/51 [poisoned by a killer bee]
  2358 | D:8      | Succumbed to a killer bee's poison

Skill      XL: |  1  2  3  4  5  6  7  8  9 |
---------------+----------------------------+-----
Unarmed Combat | 5 7 8 9 10 | 10.0
Fighting       | 7 8 |  8.0
Dodging        | |  2.4
Stealth        | |  2.4

Action                   |  1- 3 |  4- 6 |  7- 9 || total
-------------------------+-------+-------+-------++-------
Melee: Unarmed           |    42 |   144 |   161 ||   347
       Bite              |    15 |    49 |    61 ||   125
       Punch             |     2 |     4 |    10 ||    16
Invok: Sacrifice Words   |     1 |       |       ||     1
       Draw Out Power    |       |       |     3 ||     3
       Power Leap        |       |       |     3 ||     3
       Sacrifice Artific |       |       |     1 ||     1
  Use: Scroll            |       |     8 |     2 ||    10
       Potion            |       |       |     5 ||     5
 Stab: Sleeping          |     3 |       |       ||     3
       Invisible         |       |       |     6 ||     6
  Eat: Chunk             |       |     1 |     3 ||     4
Armor: Robe              |     8 |     6 |       ||    14
       Leather armour    |       |    10 |       ||    10
       Chain mail        |       |    38 |   122 ||   160
       Ring mail         |       |     2 |       ||     2
Dodge: Dodged            |    19 |    66 |   104 ||   189

Vault maps used:
D:1:      dpeg_arrival_chambers_temple_mockup
D:2:      first_bread, uniq_sigmund
D:3:      nicolae_ru_sacrificial_ziggurat, ecumenical_altar_1, uniq_natasha
D:4:      kennysheep_the_goblin_king, nicolae_overflow_quartered_altars,
          lemuel_crystal_altar, uniq_crazy_yiuf_cottage, uniq_edmund
D:5:      minmay_temple_entry_enclosed_plants
D:7:      minmay_three_doors
D:8:      old_standard_altar, lemuel_coloured_pillars_altar

Table legend:
 A = Turns spent in this place as a percentage of turns spent in the entire game.
 B = Non-inter-level travel turns spent in this place as a percentage of non-inter-level travel turns spent in the entire game.
 C = Inter-level travel turns spent in this place as a percentage of turns spent in this place.
 D = Turns resting spent in this place as a percentage of non-inter-level travel turns spent in this place.
 E = Turns spent auto-exploring this place as a percentage of non-inter-level travel turns spent in this place.
 F = Non-inter-level travel turns spent in this place divided by the number of levels of this place that you've seen.
                   A       B       C       D       E      F
               +-------+-------+-------+-------+-------+----------------------
         Total | 100.0 | 100.0 |   0.5 |   0.0 |   0.0 | 249.8
       Dungeon | 100.0 | 100.0 |   0.5 |   0.0 |   0.0 | 249.8
               +-------+-------+-------+-------+-------+----------------------

Table legend:
 A = Kills in this place as a percentage of kills in entire the game.
 B = Kills by you in this place as a percentage of kills by you in the entire game.
 C = Kills by friends in this place as a percentage of kills by friends in the entire game.
 D = Other kills in this place as a percentage of other kills in the entire game.
 E = Experience gained in this place as a percentage of experience gained in the entire game.
 F = Experience gained in this place divided by the number of levels of this place that you have seen.
                   A       B       C       D       E      F
               +-------+-------+-------+-------+-------+----------------------
         Total | 100.0 | 100.0 |  -nan |  -nan | 100.0 | 414.2
       Dungeon | 100.0 | 100.0 |  -nan |  -nan | 100.0 | 414.2
               +-------+-------+-------+-------+-------+----------------------
